cohdb
Replays
Latest Replays
All Replays
Popular Replays
Top Player Replays
Match Explorer
How It Works
Community
CoH3 Stats
Reddit
Sign in to upload your games and track your stats! →
Sign in with Steam
Match 41427235
Unlisted
Match 41427235
Overview
Messages
Build Orders
End
Royal Engineer Section
Construct Section Command Post
Infantry Section
Selects Heavy Armor Battlegroup
Infantry Section
Construct Field Infirmary
Infantry Section
Construct Platoon Command Post
Selects Engineer Detachments
Royal Engineer Section
Infantry Training
Royal Engineer Section
Grenade Package
6-pounder Anti-tank Gun Team
Vickers Machine Gun Team
Infantry Section
Construct Company Command Post
Selects Light Vehicle Withdraw and Refit
Selects UNKNOWN (202330)
Crusader AA Medium Tank
Royal Engineer Section
Crusader II Medium Tank
Royal Engineer Section
Crusader AA Medium Tank
Selects Designate Targets
Selects Forward Repair Assembly
Crusader II Medium Tank
Crusader II Medium Tank
Crusader II Medium Tank
stevomcmuffinman
Fortune
0
0
Comments
sign in to comment!
No comments posted yet!